 Dungeon Crawl Stone Soup version 0.32-a0-818-gb728d0252e (webtiles) character file.

Game seed: 15792102637999350516

181 greenreed the Vexing (level 5, -12/39 HPs)
             Began as a Coglin Hexslinger on Mar 23, 2024.
             Mangled by an iguana (13 damage)
             ... on level 3 of the Dungeon.
             The game lasted 00:04:03 (2581 turns).

greenreed the Vexing (Coglin Hexslinger)            Turns: 2581, Time: 00:04:04

Health: -12/39     AC:  2    Str:  8    XL:     5   Next: 61%
Magic:  6/6        EV: 12    Int: 13    God:
Gold:   226        SH:  0    Dex: 18    Spells: 6/6 levels left

rFire   . . .        a - +1 sling {Dube}
rCold   . . .        d - -2 sling {Egon}
rNeg    . . .        c - +0 robe
rPois   .            (no helmet)
rElec   .            (no cloak)
rCorr   .            (no gloves)
SInv    .            (no boots)
Will    .....        (amulet unavailable)
Stlth   ++           (ring unavailable)
HPRegen 0.26/turn    (ring unavailable)
MPRegen 0.10/turn    (no gizmo)

%: no passive effects
@: revving
A: off-hand wielding, slow wielding, warmup strikes, no jewellery
a: Invent Gizmo


You were on level 3 of the Dungeon.
You visited 1 branch of the dungeon, and saw 4 of its levels.

You collected 226 gold pieces.

Inventory:

Hand Weapons
 a - a +1 sling (weapon) {Dube}
 d - a -2 sling (offhand) {Egon}
Armour
 c - a +0 robe (worn)
Scrolls
 b - a scroll of poison
 f - a scroll of noise {unknown}
 g - a scroll of vulnerability {unknown}
 i - 5 scrolls of teleportation {unknown}
 j - 6 scrolls of identify {unknown}
 l - a scroll of blinking {unknown}
Potions
 e - 6 potions of lignification {unknown}
 h - 2 potions of might {unknown}
 k - a potion of haste {unknown}
 m - a potion of enlightenment {unknown}
 n - a potion of attraction {unknown}
 o - a potion of heal wounds {unknown}
 p - 4 potions of curing {unknown}
 q - a potion of brilliance {unknown}
 r - a potion of magic {unknown}


   Skills:
 + Level 2.3 Fighting
 * Level 3.3 Ranged Weapons
 + Level 2.6 Dodging
 - Level 1.1 Spellcasting
 + Level 3.4 Hexes
 - Level 1.0 Fire Magic


You had 6 spell levels left.
You didn't know any spells.
Your spell library contained the following spells:

 Spells                   Type           Power      Damage    Failure   Level
 Jinxbite                 Hex            18%        N/A       11%         2
 Sigil of Binding         Hex            9%         N/A       21%         3
 Foxfire                  Conj/Fire      8%         2x1d4     22%         1
 Scorch                   Fire           6%         2d5       26%         2
 Inner Flame              Hex/Fire       6%         N/A       32%         3
 Cause Fear               Hex            4%         N/A       56%         4
 Dimensional Bullseye     Hex/Tloc       2%         N/A       80%         4
 Flame Wave               Conj/Fire      2%         2d4       92%         4
 Sticky Flame             Fire/Alch      2%         2d4       92%         4
 Leda's Liquefaction      Alch/Erth      0%         N/A       95%         4
 Summon Cactus Giant      Summ           0%         N/A       100%        6


Dungeon Overview and Level Annotations

Branches:
Dungeon (4/15)
 Temple: D:4-7

Altars:
Ashenzari
The Shining One


Innate Abilities, Weirdness & Mutations

You can wield a second weapon in your off-hand.
It takes a long time for you to wield or remove held weapons.
Your first few attacks do less damage.
You cannot equip rings or amulets.


Message History

The sling bullet barely misses the iguana.
You shoot a sling bullet.
The sling bullet barely misses the iguana.
You shoot a sling bullet. The sling bullet hits the iguana.
The iguana is moderately wounded.
The iguana bites you!
You shoot a sling bullet.
The sling bullet hits the iguana but does no damage.
The iguana is moderately wounded.
You shoot a sling bullet.
The sling bullet hits the iguana but does no damage.
The iguana is moderately wounded.
The ball python hisses angrily.
The iguana bites you but does no damage.
The iguana closely misses you.
You climb upwards.
There is a stone staircase leading down here.
You shoot a sling bullet.
The sling bullet hits the iguana but does no damage.
The iguana is moderately wounded.
You shoot a sling bullet.
The sling bullet barely misses the iguana.
The iguana barely misses you.
You shoot a sling bullet.
The sling bullet hits the iguana but does no damage.
The iguana is moderately wounded.
You shoot a sling bullet.
The sling bullet barely misses the iguana.
The iguana bites you! The iguana barely misses you.
You are too injured to fight recklessly!
You are too injured to fight recklessly!
You are too injured to fight recklessly!
The iguana bites you!
* * * LOW HITPOINT WARNING * * *
The iguana attacks as it pursues you! The iguana misses you.
The iguana attacks as it pursues you! The iguana closely misses you.
The iguana attacks as it pursues you! The iguana bites you!
* * * LOW HITPOINT WARNING * * *
The iguana attacks as it pursues you! The iguana bites you!
You die...

######...............
#>................#.#
#########....###########.#.#
#...........#.......<#...#.#
######...........#.#..........#.#
#....'...........#.#.#..#.#..##.#
#.####...........#.#.##.#.#..#...
#.# #..........l#.#....#....#.).
#.# #..........@#.########.##...
#.# #...........<........^.#....
#.# #...........############.#.#
#†# #...........# ###..#)# #.#
#.........#.# ####...##.# #.#
#.........#.######....###... #.#
#.........#........####)..⌠. #.#
#.........########....###...
#.####.........# ####...##.#


You could see an iguana.

Vanquished Creatures
  A hound (D:3)
  Terence (D:2)
  4 gnolls
  2 adders
  A dart slug (D:2)
  2 ribbon worms
  An orc (D:3)
  9 ball pythons
  9 endoplasms
  3 giant cockroaches
  5 goblins
  5 hobgoblins
  7 kobolds
  3 quokkas (D:1)
  6 bats
  4 frilled lizards
  3 rats
66 creatures vanquished.

Notes
Turn   | Place    | Note
-------+----------+-------------------------------------------
     0 | D:1      | greenreed the Coglin Hexslinger began the quest for the
                  | Orb.
     0 | D:1      | Reached XP level 1. HP: 15/15 MP: 2/2
    47 | D:1      | Reached skill level 1 in Fire Magic
   110 | D:1      | Reached XP level 2. HP: 21/21 MP: 3/3
   682 | D:2      | Reached XP level 3. HP: 26/26 MP: 4/4
  1243 | D:2      | Found a broken altar of Ashenzari.
  1247 | D:2      | Reached XP level 4. HP: 33/33 MP: 5/5
  1270 | D:2      | Noticed Terence
  1275 | D:2      | Killed Terence
  1556 | D:3      | Found a glowing golden altar of the Shining One.
  1716 | D:3      | Reached XP level 5. HP: 38/38 MP: 6/6
  1819 | D:3      | Got the Catalogue of the Grounded Salamander
  2580 | D:3      | HP: 1/39 [iguana (10)]
  2581 | D:3      | Mangled by an iguana

Illustrated notes

Levels and vault maps discovered:
D:1:      tarquinn_simple_flora_water_d, layout_basic
D:2:      layout_basic, basic_altar, minivault_23, st_stairs_14,
          grunt_decor_one_mirror, grunt_ministairs_1, minmay_surrounded,
          uniq_terence
D:3:      minmay_general_purpose_star, layout_basic,
          mainiacjoe_overflow_chevrons, kennysheep_pointless_box,
          guppyfry_early_lair_pool
D:4:      layout_rooms, nicolae_dithmenos_the_darkroom,
          minmay_temple_entry_purple_smoke

Skill      XL: |  1  2  3  4 |
---------------+-------------+-----
Fire Magic     | 1 |  1.0
Ranged Weapons | 2 3 |  3.3
Dodging        | 2 |  2.6
Hexes          | 3 |  3.4
Fighting       | 2 |  2.3
Spellcasting   | |  1.1

Action                     |  1- 3 |  4- 6 || total
---------------------------+-------+-------++-------
   Fire: Sling             |   138 |   170 ||   308
 Armour: Robe              |    27 |    13 ||    40
  Dodge: Dodged            |    33 |    21 ||    54

Table legend: (Time is in decaauts)
 A = Elapsed time spent in this place.
 B = Non-inter-level travel time spent in this place.
 C = Inter-level travel time spent in this place.
 D = Time resting spent in this place.
 E = Time spent auto-exploring this place.
 F = Levels seen in this place.
 G = Mean time per level.
                   A        B        C        D        E       F      G
               +--------+--------+--------+--------+--------+-----+--------+
         Total |   2626 |   2216 |    410 |    127 |   1710 |   4 |  656.5 |
       Dungeon |   2626 |   2216 |    410 |    127 |   1710 |   4 |  656.5 |
               +--------+--------+--------+--------+--------+-----+--------+

Top non-repeatable levels by time:
     D:1: 961 daAuts
     D:3: 866 daAuts
     D:2: 793 daAuts
     D:4: 5 daAuts
